 Dungeon Crawl Stone Soup version 0.20.0-3-g22ec75f (webtiles) character file.

3789 RKaid the Cleaver (level 9, -2/129 HPs)
             Began as a Minotaur Berserker on May 26, 2017.
             Was an Elder of Trog.
             Slain by a yak (10 damage)
             ... on level 1 of the Lair of Beasts.
             The game lasted 00:06:28 (4589 turns).

RKaid the Cleaver (Minotaur Berserker)              Turns: 4589, Time: 00:06:28

Health: -2/129     AC: 11    Str: 31    XL:     9   Next: 95%
Magic:  8/8        EV: 10    Int:  4    God:    Trog [****..]
Gold:   355        SH:  0    Dex: 14    Spells: 8/8 levels left

rFire    . . .     SeeInvis .   F - +1 battleaxe
rCold    . . .     Gourm    .   (shield currently unavailable)
rNeg     . . .     Faith    .   d - +0 chain mail
rPois    .         Spirit   .   s - +2 hat {MR+}
rElec    .         Reflect  .   (no cloak)
rCorr    .         Harm     .   q - +0 pair of gloves
MR       +....                  (no boots)
Stlth    ..........             w - amulet of regeneration {+regen}
Regen    0.8/turn               B - +5 ring of dexterity
MPRegen  0.2/turn               (no ring)

@: berserking, lethally poisoned (-2 -> -3), very quick
A: retaliatory headbutt, horns 2
a: Berserk, Trog's Hand, Brothers in Arms, Burn Spellbooks, Renounce Religion


You were on level 1 of the Lair of Beasts.
You worshipped Trog.
Trog was greatly pleased with you.
You were not hungry.

You visited 2 branches of the dungeon, and saw 10 of its levels.

You collected 425 gold pieces.
You spent 70 gold pieces at shops.

Inventory:

Hand Weapons
 a - a +0 hand axe
 F - a +1 battleaxe (weapon)
   (You took it off an orc warrior on level 8 of the Dungeon)
Armour
 d - a +0 chain mail (worn)
   (You found it on level 7 of the Dungeon)
 e - a +0 scale mail
   (You found it on level 1 of the Dungeon)
 q - a +0 pair of gloves (worn)
   (You found it on level 2 of the Dungeon)
 s - a +2 hat of magic resistance (worn)
   (You found it on level 2 of the Dungeon)
Jewellery
 j - an uncursed amulet of guardian spirit {Spirit}
   (You found it on level 1 of the Dungeon)
 m - an uncursed ring of ice {rC+, rF-}
   (You found it on level 1 of the Dungeon)
 w - an amulet of regeneration (around neck) {+regen}
   (You found it on level 4 of the Dungeon)
 B - a +5 ring of dexterity (left hand)
   (You found it on level 5 of the Dungeon)
Wands
 n - a wand of scattershot (6/9)
   (You found it on level 2 of the Dungeon)
 r - a wand of polymorph (17/24)
   (You found it on level 8 of the Dungeon)
 C - a wand of clouds (3/9)
   (You found it on level 8 of the Dungeon)
 E - a wand of disintegration (7/24)
   (You took it off Joseph on level 7 of the Dungeon)
Scrolls
 g - 2 scrolls of magic mapping {!r}
 h - 4 scrolls of teleportation
 i - 2 scrolls of identify
 k - 3 scrolls of enchant armour
 o - 2 scrolls of remove curse
 t - 2 scrolls of fear
 y - a scroll of blinking {!r}
 z - a scroll of fog {unknown}
Potions
 b - a potion of brilliance
 l - 2 potions of heal wounds
 p - 2 potions of haste
 u - a potion of cancellation
 v - 2 potions of lignification {!q}
 D - a potion of might
 G - a potion of curing {unknown}
 I - a potion of mutation {unknown}
Comestibles
 c - 2 bread rations
 f - a fruit
 x - 2 meat rations
 A - 2 royal jellies
 H - 12 chunks of flesh


   Skills:
 + Level 10.4 Fighting
 * Level 13.8 Axes
 - Level 2.4 Armour
 - Level 2.1 Dodging


You had 8 spell levels left.
You didn't know any spells.

Dungeon Overview and Level Annotations

Branches:
Dungeon (9/15)               Lair (1/6) D:9
 Temple: D:4-7          Orc: D:9-12

Altars:
Ashenzari
Cheibriados

Shops:
D:4 !

Portals:
Sewer: D:4

Annotations:
D:5 1 transporter


Innate Abilities, Weirdness & Mutations

You reflexively headbutt those who attack you in melee.
You have a pair of horns on your head.


Message History

You feel sick.
You feel sick.
You feel sick.
You feel sick.
You feel sick.
A blink frog comes into view.
You feel sick.
The blink frog croaks.
A blink frog is nearby!
A blink frog is nearby!
A blink frog is nearby!
A blink frog comes into view.
You feel sick.
A blink frog comes into view.
A blink frog comes into view.
You feel sick.
The blink frog gives a loud, deep croak!
The blink frog croaks.
The blink frog blinks! x2
A crocodile comes into view.
You feel sick. The blink frog hits you.
You closely miss the blink frog. Your headbutt misses the blink frog.
You slice the blink frog!!
You feel sick.
You hear a loud, deep croak!
The blink frog hits you! The blink frog barely misses you.
The blink frog blinks!
The blink frog hits you!
You are too injured to fight recklessly!
Okay, then.
You slice the blink frog!! You closely miss the blink frog.
You feel sick.
You hear a bellow! x3
The blink frog hits you. x2; The blink frog blinks!
The blink frog hits you.
A red film seems to cover your vision as you go berserk!
You feel yourself moving faster!
You feel mighty!
You feel quite a bit more hungry.
You feel sick. The blink frog hits you!
* * * LOW HITPOINT WARNING * * *
The blink frog blinks!
A spiny frog comes into view.
You feel a strong urge to attack something.
You feel sick.
The spiny frog gives a loud, deep croak!
The crocodile closely misses you. You furiously retaliate!
You headbutt the crocodile. You barely miss the crocodile.
You headbutt the crocodile! You slice the fungus!!
You feel sick. The crocodile closely misses you. You furiously retaliate!
You headbutt the crocodile!
You feel the power of Trog in you as your rage grows.
You kill the crocodile!
Trog accepts your kill.
Your Axes skill increases to level 13!
The blink frog blinks!
A yak comes into view.
A yak comes into view.
You are too injured to fight recklessly!
You are too injured to fight recklessly!
You are too injured to fight recklessly!
You barely miss the spiny frog. You headbutt the spiny frog!
You feel sick.
Your chain mail prevents you from hitting the blink frog.
Your headbutt misses the blink frog. You slash the spiny frog!
You feel sick. The blink frog barely misses you. The spiny frog stings you.
* * * LOW HITPOINT WARNING * * *
The yak gores the fungus!
The fungus is destroyed!
You barely miss the spiny frog. Your headbutt misses the spiny frog.
You slice the blink frog!!
You kill the blink frog!
Trog accepts your kill.
Your Fighting skill increases to level 10!
The spiny frog stings you.
* * * LOW HITPOINT WARNING * * *
A yak comes into view.
You hit the spiny frog. Your headbutt misses the spiny frog.
You feel sick. The spiny frog closely misses you. You furiously retaliate!
You headbutt the spiny frog. You slash the spiny frog!
Your headbutt misses the spiny frog. You slash the yak!
The spiny frog barely misses you. The yak gores you but does no damage.
Your chain mail prevents you from hitting the yak.
You headbutt the yak! You slash the spiny frog!
You kill the spiny frog!
Trog accepts your kill.
You feel sick.
You slice the yak!!
You kill the yak!
Trog accepts your kill.
You hit the blink frog.
The blink frog blinks!
You slash the yak! You closely miss the blink frog.
You feel sick. The blink frog hits you!
* * * LOW HITPOINT WARNING * * *
You slice the yak!!
You feel the power of Trog in you as your rage grows.
You kill the yak!
Trog accepts your kill.
You miss the blink frog.
The blink frog blinks!
The blink frog closely misses you. You furiously retaliate!
You headbutt the blink frog!! You slash the yak!
You completely miss the blink frog.
The blink frog blinks!
The blink frog hits you!
* * * LOW HITPOINT WARNING * * *
The yak gores you!
You die...

.....
......
......
[... ....
...# #...
. ...#
##..##...
...#
#.§F.....
...#
##YF# ..#
#.@## ..#
#..# ..#
###..#
..#
#...##
..# ##.##
..##
##...#
#..#
#..###
#.÷##
##..#
##..#
#(.##


You could see a yak and 2 blink frogs.

Vanquished Creatures
  Joseph (D:7)
  A spiny frog (Lair:1)
  A rime drake (Lair:1)
  A hippogriff (D:7)
  Grinder (D:3)
  A blink frog (Lair:1)
  2 yaks (Lair:1)
  A water moccasin (Lair:1)
  A sky beast (D:7)
  An orc warrior (D:8)
  2 ogres
  A black bear (D:7)
  2 centaurs
  3 crocodiles (Lair:1)
  A scorpion (D:8)
  3 killer bees (D:8)
  2 howler monkeys
  2 crimson imps
  A quasit (D:8)
  A jelly (D:8)
  A centaur skeleton (D:7)
  4 orc priests
  A bullfrog skeleton (D:6)
  4 hounds
  2 orc wizards
  4 worker ants
  A hound zombie (D:7)
  Robin (D:4)
  10 adders
  An ooze (D:2)
  An adder zombie (D:7)
  2 adder skeletons
  A worm (D:6)
  3 dart slugs
  4 leopard geckos
  21 orcs
  A ball python (D:1)
  5 giant cockroaches
  17 goblins
  5 hobgoblins
  6 jackals
  9 kobolds
  5 bats
  5 frilled lizards
  2 jackal zombies (D:8)
  A quokka skeleton (D:4)
  9 rats
155 creatures vanquished.

Vanquished Creatures (others)
  A fungus (Lair:1)
1 creature vanquished.

Grand Total: 156 creatures vanquished

Notes
Turn   | Place    | Note
-------+----------+-------------------------------------------
     0 | D:1      | RKaid the Minotaur Berserker began the quest for the Orb.
     0 | D:1      | Reached XP level 1. HP: 19/19 MP: 0/0
   101 | D:1      | Reached skill level 4 in Axes
   109 | D:1      | Reached XP level 2. HP: 11/27 MP: 1/1
   348 | D:1      | Reached skill level 4 in Fighting
   905 | D:2      | Reached XP level 3. HP: 29/33 MP: 2/2
  1042 | D:2      | Reached ** piety under Trog
  1321 | D:2      | Reached skill level 5 in Axes
  1336 | D:2      | Reached XP level 4. HP: 34/41 MP: 1/3
  1563 | D:3      | Noticed Grinder
  1573 | D:3      | Killed Grinder
  1573 | D:3      | Reached skill level 5 in Fighting
  1573 | D:3      | Reached skill level 6 in Axes
  1573 | D:3      | Reached XP level 5. HP: 48/48 MP: 4/4
  1573 | D:3      | Reached XP level 6. HP: 56/56 MP: 5/5
  1732 | D:3      | Reached skill level 7 in Axes
  1757 | D:4      | Noticed Robin
  1766 | D:4      | Killed Robin
  1767 | D:4      | Reached *** piety under Trog
  1817 | D:4      | Found a glowing drain.
  1838 | D:4      | Reached skill level 6 in Fighting
  1966 | D:4      | Found Nanoin's Distillery.
  1969 | D:4      | Bought a potion of heal wounds for 70 gold pieces
  2059 | D:5      | Entered Level 5 of the Dungeon
  2266 | D:5      | Reached skill level 8 in Axes
  2266 | D:5      | Reached XP level 7. HP: 64/64 MP: 6/6
  2698 | D:6      | Reached skill level 9 in Axes
  2740 | D:6      | Reached **** piety under Trog
  2853 | D:6      | Reached skill level 7 in Fighting
  2991 | D:7      | Found a shattered altar of Ashenzari.
  3261 | D:7      | Reached XP level 8. HP: 73/73 MP: 7/7
  3265 | D:7      | Noticed Joseph
  3273 | D:7      | Received a gift from Trog
  3273 | D:7      | Reached skill level 10 in Axes
  3279 | D:7      | Killed Joseph
  3279 | D:7      | Reached skill level 8 in Fighting
  3297 | D:7      | HP: 18/74 [centaur (6)]
  3482 | D:7      | Noticed a hippogriff
  3485 | D:7      | Found a snail-covered altar of Cheibriados.
  3494 | D:7      | Killed a hippogriff
  3494 | D:7      | Reached skill level 11 in Axes
  3824 | D:8      | Reached XP level 9. HP: 82/82 MP: 8/8
  3833 | D:8      | Reached skill level 9 in Fighting
  4088 | D:8      | Reached skill level 12 in Axes
  4430 | D:9      | Found a staircase to the Lair.
  4471 | Lair:1   | Entered Level 1 of the Lair of Beasts
  4471 | Lair:1   | Noticed a rime drake
  4479 | Lair:1   | Killed a rime drake
  4576 | Lair:1   | HP: 31/127 [blink frog (7)]
  4577 | Lair:1   | Noticed a spiny frog
  4578 | Lair:1   | Reached skill level 13 in Axes
  4581 | Lair:1   | HP: 30/127 [poisoned by a water moccasin]
  4582 | Lair:1   | Reached skill level 10 in Fighting
  4585 | Lair:1   | Killed a spiny frog
  4587 | Lair:1   | HP: 24/129 [poisoned by a water moccasin]
  4589 | Lair:1   | HP: 8/129 [blink frog (9)]
  4589 | Lair:1   | Slain by a yak

Skill      XL: |  1  2  3  4  5  6  7  8  9 |
---------------+----------------------------+-----
Axes           | 4 5 6 8 9 11 13 | 13.8
Fighting       | 4 5 6 7 8 10 | 10.4
Armour         | |  2.4
Dodging        | |  2.1

Action                   |  1- 3 |  4- 6 |  7- 9 || total
-------------------------+-------+-------+-------++-------
Melee: Hand axe          |    81 |    98 |   100 ||   279
       Headbutt          |    11 |    21 |    57 ||    89
       Battleaxe         |       |       |    80 ||    80
Invok: Berserk           |       |     2 |     3 ||     5
       Burn Spellbooks   |       |       |     1 ||     1
  Use: Scroll            |       |       |    16 ||    16
 Stab: Distracted        |     1 |       |       ||     1
       Sleeping          |     1 |       |       ||     1
  Eat: Chunk             |     1 |     2 |     8 ||    11
       Meat ration       |       |     1 |       ||     1
Armor: Animal skin       |     1 |       |       ||     1
       Scale mail        |    32 |    45 |    37 ||   114
       Chain mail        |       |       |    48 ||    48
Dodge: Dodged            |    44 |    43 |    90 ||   177

Table legend:
 A = Turns spent in this place as a percentage of turns spent in the entire game.
 B = Non-inter-level travel turns spent in this place as a percentage of non-inter-level travel turns spent in the entire game.
 C = Inter-level travel turns spent in this place as a percentage of turns spent in this place.
 D = Turns resting spent in this place as a percentage of non-inter-level travel turns spent in this place.
 E = Turns spent auto-exploring this place as a percentage of non-inter-level travel turns spent in this place.
 F = Non-inter-level travel turns spent in this place divided by the number of levels of this place that you've seen.
                   A       B       C       D       E      F
               +-------+-------+-------+-------+-------+----------------------
         Total | 100.0 | 100.0 |   0.6 |   1.9 |  12.7 | 140.3
       Dungeon |  93.7 |  93.7 |   0.6 |   2.1 |  13.2 | 146.0
          Lair |   6.3 |   6.3 |   0.0 |   0.0 |   4.5 |  89.0
               +-------+-------+-------+-------+-------+----------------------

Table legend:
 A = Kills in this place as a percentage of kills in entire the game.
 B = Kills by you in this place as a percentage of kills by you in the entire game.
 C = Kills by friends in this place as a percentage of kills by friends in the entire game.
 D = Other kills in this place as a percentage of other kills in the entire game.
 E = Experience gained in this place as a percentage of experience gained in the entire game.
 F = Experience gained in this place divided by the number of levels of this place that you have seen.
                   A       B       C       D       E      F
               +-------+-------+-------+-------+-------+----------------------
         Total | 100.0 | 100.0 |  -nan |  -nan | 100.0 | 541.4
       Dungeon |  94.2 |  94.2 |  -nan |  -nan |  63.4 | 381.7
          Lair |   5.8 |   5.8 |  -nan |  -nan |  36.6 | 1979.0
               +-------+-------+-------+-------+-------+----------------------
